 Dungeon Crawl Stone Soup version 0.25.1-2-g60ff931df9 (webtiles) character file.

Game seed: 14124019135561832155

13104 funkygono the Destroyer (level 11, -5/82 HPs)
             Began as a Grey Draconian Conjurer on Sept 16, 2020.
             Was a Believer of Vehumet.
             Slain by a blink frog (13 damage)
             ... on level 4 of the Lair of Beasts on Sept 17, 2020.
             The game lasted 00:36:15 (11886 turns).

funkygono the Destroyer (Grey Draconian Conjurer)  Turns: 11886, Time: 00:36:15

Health: -5/82      AC: 19    Str: 11    XL:     11   Next: 71%
Magic:  16/33      EV: 14    Int: 19    God:    Vehumet [**....]
Gold:   307        SH:  0    Dex: 11    Spells: 14/28 levels left

rFire    . . .     SeeInvis .   n - +5 quarterstaff (chaos)
rCold    . . .     Gourm    .   (shield currently unavailable)
rNeg     . . .     Faith    .   (armour unavailable)
rPois    .         Spirit   .   (helmet restricted)
rElec    .         Reflect  .   y - +2 cloak
rCorr    .         Harm     .   (no gloves)
MR       .....                  (no boots)
Stlth    ++........             (no amulet)
HPRegen  0.23/turn              a - ring of magical power
MPRegen  0.23/turn              w - +4 ring of protection

@: no status effects
A: walk through water, unfitting armour, unbreathing, cold-blooded, AC +12
a: Renounce Religion


You were on level 4 of the Lair of Beasts.
You worshipped Vehumet.
Vehumet was pleased with you.
You were not hungry.

You visited 3 branches of the dungeon, and saw 12 of its levels.

You collected 517 gold pieces.
You spent 210 gold pieces at shops.

Inventory:

Hand Weapons
 n - a +5 quarterstaff of chaos (weapon)
Missiles
 c - 240 stones (quivered)
Armour
 y - a +2 cloak (worn)
Jewellery
 a - a ring of magical power (left hand)
 j - an uncursed ring of protection from magic
 k - an uncursed ring of flight
 w - a +4 ring of protection (right hand)
Wands
 e - a wand of random effects (21)
 u - a wand of flame (37)
 v - a wand of acid (10)
 z - a wand of clouds (3)
 A - a wand of iceblast (5)
 D - a wand of enslavement (8)
Scrolls
 h - 10 scrolls of teleportation
 l - 2 scrolls of remove curse
 m - a scroll of silence {unknown}
 o - a scroll of identify
 t - 2 scrolls of amnesia
 x - a scroll of magic mapping
Potions
 d - 3 potions of brilliance
 f - a potion of berserk rage {unknown}
 g - a potion of haste
 i - 5 potions of heal wounds
 p - 4 potions of curing
 q - 2 potions of might
 r - 2 potions of flight
 s - 2 potions of mutation
Comestibles
 b - 18 rations


   Skills:
 + Level 3.3 Fighting
 + Level 4.0 Staves
 + Level 4.8 Dodging
 - Level 3.0 Stealth
 + Level 9.4 Spellcasting
 + Level 11.0 Conjurations
 * Level 6.9 Fire Magic
 * Level 8.2 Earth Magic


You had 14 spell levels left.
You knew the following spells:

 Your Spells              Type           Power        Failure   Level  Hunger
a - Magic Dart            Conj           ####         1%          1    None
b - Searing Ray           Conj           ######       1%          2    None
c - Bolt of Magma         Conj/Fire/Erth #####.....   6%          5    #####..
d - Iron Shot             Conj/Erth      #####.....   24%         6    ######.

Your spell library contained the following spells:

 Spells                   Type           Power        Failure   Level  Hunger
 Freeze                   Ice            #...         8%          1    None
 Dazzling Flash           Conj/Hex       ####..       2%          3    None
 Beastly Appendage        Tmut           #.....       8%          1    None
 Summon Small Mammal      Summ           #...         8%          1    None
 Fulminant Prism          Conj/Hex       ####......   9%          4    ###....
 Iskenderun's Mystic Bla  Conj/Tloc      ####....     9%          4    ###....
 Call Imp                 Summ           #.......     12%         2    None
 Sticks to Snakes         Tmut           #.......     12%         2    None
 Leda's Liquefaction      Hex/Erth       ###.......   14%         4    ###....
 Call Canine Familiar     Summ           #.......     24%         3    None
 Spider Form              Tmut/Pois      #.........   24%         3    None
 Summon Guardian Golem    Hex/Summ       #.......     24%         3    None
 Ice Form                 Ice/Tmut       #.......     61%         4    ###....
 Summon Ice Beast         Ice/Summ       #.......     61%         4    ###....
 Summon Lightning Spire   Summ/Air       #.......     61%         4    ###....
 Blade Hands              Tmut           #.........   91%         5    #####..
 Statue Form              Tmut/Erth      ###......    92%         6    ######.
 Shatter                  Erth           #####.....   100%        9    #######


Dungeon Overview and Level Annotations

Branches:
Dungeon (8/15)             Temple (1/1) D:5            Lair (2/6) D:8
 Shoals (0/4) Lair:2
  Snake: Lair:2-4    Spider: Lair:2-4

Altars:
Cheibriados
Dithmenos
Elyvilon
Fedhas
Gozag
Hepliaklqana
Kikubaaqudgha
Makhleb
Nemelex Xobeh
Okawaru
Qazlal
Ru
Sif Muna
Trog
Uskayaw
Vehumet
Wu Jian
Xom
Yredelemnul
Zin
The Shining One

Shops:
D:4 (   D:8 [

Annotations:
D:4 2 runed translucent doors, sinister's ghost, amateur GrFi
D:7 4 runed translucent doors


Innate Abilities, Weirdness & Mutations

You can walk through water.
Your dull iron-grey scales are very hard. (AC +12)
You cannot fit into any form of body armour.
You can survive without breathing.
You are cold-blooded and may be slowed by cold attacks.


Message History

The blink frog is severely wounded.
The blink frog blinks! x2
Casting: Magic Dart (safe; 1% risk of failure)
Confirm with . or Enter, or press ? or * to list all spells.
Aiming: Magic Dart (safe; 1% risk of failure)
Press: ? - help, Shift-Dir - straight line, f/p - blink frog
Aim: a blink frog (severely wounded)
The magic dart hits the blink frog.
The blink frog is severely wounded.
The blink frog completely misses you.
Casting: Magic Dart (safe; 1% risk of failure)
Confirm with . or Enter, or press ? or * to list all spells.
Aiming: Magic Dart (safe; 1% risk of failure)
Press: ? - help, Shift-Dir - straight line, f/p - blink frog
Aim: a blink frog (severely wounded)
The magic dart hits the blink frog!
The blink frog is almost dead.
The blink frog blinks!
The blink frog barely misses you. The blink frog hits you!
You die...

#.#................##
####..............#.#
#.....#..........##
#................#
.................##
...................#
.......#...†.§....##
...............F.F..##
..##..F.P#§...§.@...#
..........#........F##
.§...................#
....................##
....................#
...r..............###
....t......##P....#
...........##P....##
##.##..#.#####....P#


You could see 3 blink frogs.

Vanquished Creatures
  Harold (Lair:1)
  2 two-headed ogres (D:8)
  Pikel (D:7)
  2 black mambas
  2 spiny frogs (Lair:1)
  Prince Ribbit (D:7)
  10 blink frogs
  11 yaks
  2 wyverns
  3 basilisks
  Grum (D:8)
  2 water moccasins
  5 porcupines (D:8)
  A sky beast (D:7)
  A slave (D:7)
  A necrophage (D:7)
  An ice beast (D:7)
  A black bear (D:7)
  5 ogres
  3 phantoms
  8 wolves
  3 centaurs
  5 crocodiles
  5 bullfrogs
  A big kobold (D:5)
  4 howler monkeys
  7 crimson imps
  A centaur zombie (D:7)
  A hound (D:4)
  4 orc priests
  2 bullfrog skeletons
  A centaur skeleton (D:6)
  Crazy Yiuf (D:2)
  3 jellies
  2 iguanas
  6 orc wizards
  11 worker ants
  A hound skeleton (D:8)
  4 gnolls (D:5)
  A worker ant zombie (D:7)
  6 adders
  2 shadow imps
  2 adder skeletons
  A worm (D:3)
  2 dart slugs
  3 leopard geckos
  31 orcs
  3 ball pythons
  3 giant cockroaches
  5 goblins
  3 hobgoblins
  2 jackals (D:5)
  18 kobolds
  4 quokkas
  10 bats
  5 frilled lizards (D:1)
  A jackal zombie (D:6)
  A leopard gecko zombie (D:8)
  A quokka skeleton (D:6)
  6 rats
  A fungus (D:2)
  A plant (D:8)
238 creatures vanquished.

Vanquished Creatures (others)
  A yak (Lair:1)
  A slave (D:7)
  A phantom (D:7)
  2 iguanas (D:7)
  A quokka (D:7)
  A fungus (D:8)
  A plant (D:8)
8 creatures vanquished.

Grand Total: 246 creatures vanquished

Notes
Turn   | Place    | Note
-------+----------+-------------------------------------------
     0 | D:1      | funkygono the Draconian Conjurer began the quest for the
                  | Orb.
     0 | D:1      | Reached XP level 1. HP: 14/14 MP: 3/3
   323 | D:1      | Reached XP level 2. HP: 20/20 MP: 5/5
   330 | D:1      | Learned a level 2 spell: Searing Ray
  1223 | D:2      | Reached XP level 3. HP: 26/26 MP: 6/6
  1365 | D:2      | Found a runed translucent door.
  1366 | D:2      | Noticed Crazy Yiuf
  1375 | D:2      | Killed Crazy Yiuf
  1375 | D:2      | Reached skill level 5 in Conjurations
  1779 | D:2      | Reached XP level 4. HP: 33/33 MP: 7/7
  1839 | D:2      | Found a basalt altar of Yredelemnul.
  2042 | D:2      | Learned a level 3 spell: Dazzling Flash
  2111 | D:3      | Found a sparkling altar of Nemelex Xobeh.
  2677 | D:3      | Reached XP level 5. HP: 38/38 MP: 9/9
  3334 | D:4      | Noticed an ogre
  3340 | D:4      | Killed an ogre
  3340 | D:4      | Reached skill level 6 in Conjurations
  3340 | D:4      | Reached XP level 6. HP: 35/45 MP: 11/11
  3410 | D:4      | Found Jecvivusta's Weapon Shoppe.
  3646 | D:4      | Found a large runed translucent door.
  3646 | D:4      | Found a large runed translucent door.
  3647 | D:4      | Noticed sinister's ghost (amateur GrFi)
  4007 | D:4      | Found a blossoming altar of Fedhas.
  4007 | D:4      | Found a shimmering blue altar of Sif Muna.
  4033 | D:5      | Entered Level 5 of the Dungeon
  4100 | D:5      | Your scales start taking on a dull iron-grey colour.
  4100 | D:5      | Reached XP level 7. HP: 50/50 MP: 13/13
  4100 | D:5      | Gained mutation: You can survive without breathing. [Grey
                  | Draconian growth]
  4107 | D:5      | Learned a level 5 spell: Bolt of Magma
  4114 | D:5      | Learned a level 6 spell: Iron Shot
  4169 | D:5      | Reached skill level 7 in Conjurations
  4169 | D:5      | Reached skill level 1 in Fire Magic
  4169 | D:5      | Reached skill level 1 in Earth Magic
  4437 | D:5      | Found a shadowy altar of Dithmenos.
  4494 | D:5      | Found an ornate altar of the Wu Jian Council.
  4496 | D:5      | Found a staircase to the Ecumenical Temple.
  4501 | Temple   | Entered the Ecumenical Temple
  4556 | Temple   | Became a worshipper of Vehumet
  4978 | D:5      | Reached skill level 5 in Spellcasting
  5309 | D:6      | Reached XP level 8. HP: 45/57 MP: 15/15
  5488 | D:6      | Found a white marble altar of Elyvilon.
  5792 | D:6      | Reached skill level 8 in Conjurations
  5989 | D:6      | Reached * piety under Vehumet
  5989 | D:6      | Offered knowledge of Shock by Vehumet.
  6738 | D:7      | Noticed Prince Ribbit
  6738 | D:7      | Noticed Pikel
  6758 | D:7      | Killed Pikel
  6758 | D:7      | Reached XP level 9. HP: 40/62 MP: 12/18
  6761 | D:7      | Killed Prince Ribbit
  6913 | D:7      | Found a huge runed translucent gate.
  6913 | D:7      | Found a huge runed translucent gate.
  6913 | D:7      | Found a huge runed translucent gate.
  6913 | D:7      | Found a huge runed translucent gate.
  6913 | D:7      | Noticed a polar bear
  6913 | D:7      | Noticed a polar bear
  6913 | D:7      | Noticed a polar bear
  6913 | D:7      | Noticed a polar bear
  7266 | D:7      | Found an opulent altar of Gozag.
  7381 | D:7      | Reached skill level 9 in Conjurations
  7446 | D:7      | Reached skill level 1 in Fighting
  7458 | D:7      | Reached skill level 1 in Staves
  7610 | D:7      | Found a bloodstained altar of Trog.
  7739 | D:8      | Noticed a two-headed ogre
  7918 | D:8      | Reached skill level 5 in Earth Magic
  7972 | D:8      | Reached XP level 10. HP: 41/73 MP: 16/21
  8118 | D:8      | Found a staircase to the Lair.
  8248 | D:8      | Killed a two-headed ogre
  8248 | D:8      | Reached skill level 5 in Fire Magic
  8437 | D:8      | Reached skill level 10 in Conjurations
  8496 | D:8      | Reached ** piety under Vehumet
  8639 | D:8      | Offered knowledge of Freeze by Vehumet.
  8679 | D:8      | Found Iptiytz's Antique Armour Shoppe.
  8688 | D:8      | Bought an embroidered cloak for 210 gold pieces
  8759 | D:8      | Noticed a two-headed ogre
  8767 | D:8      | Killed a two-headed ogre
  9037 | D:8      | Noticed Grum
  9045 | D:8      | Killed Grum
  9551 | Lair:1   | Entered Level 1 of the Lair of Beasts
  9569 | Lair:1   | Reached XP level 11. HP: 54/81 MP: 8/23
 10267 | Lair:1   | Noticed Harold
 10281 | Lair:1   | Killed Harold
 11530 | Lair:2   | Found a staircase to the Shoals.
 11530 | Lair:2   | You fall into a shaft and drop 2 floors!
 11545 | Lair:4   | Reached skill level 11 in Conjurations
 11886 | Lair:4   | Slain by a blink frog

Illustrated notes

Levels and vault maps discovered:
D:1:      heliophobic_arrival_dark_side_of_the_moon, layout_basic,
          serial_forest, infiniplex_forest_corner_2,
          infiniplex_forest_clump_diagonal, infiniplex_forest_straight_2,
          infiniplex_forest_end_1, infiniplex_forest_clump_medium,
          infiniplex_forest_clump_small, infiniplex_forest_straight_5,
          infiniplex_forest_clump_long, infiniplex_forest_lined_2
D:2:      layout_basic, nicolae_overflow_hidden_temple, uniq_crazy_yiuf_cottage
D:3:      layout_basic, nemelex_xobeh_ov_fountains_minmay, serial_curves,
          eino_curves_03, eino_curves_02, eino_curves_02, eino_curves_03
D:4:      layout_rooms, gammafunk_temple_overflow_elements, serial_shops, shop,
          ebering_ghost_disaster_area
D:5:      layout_basic, grunt_temple_overflow_open,
          minmay_temple_entry_butterflies, first_ration
D:6:      layout_loops_corners, elyvilon_altar_4
D:7:      lemuel_bear_cage, layout_basic,
          nicolae_gozag_cash_rules_everything_around_me,
          trog_three_pillars_becter, uniq_prince_ribbit1, uniq_pikel
D:8:      layout_basic, minmay_lair_entry_grove, serial_shops,
          nicolae_shop_stone, uniq_grum
Temple:   dshaligram_water_room_temple
Lair:1:   layout_cave_pods, serial_bayou_lagoon_a, beast_lair_carwin_10,
          uniq_harold
Lair:2:   layout_regular_city, minmay_shoals_entry_centaurs,
          ebering_ghost_funeral_grove, uniq_gastronok
Lair:4:   layout_gridlike, uniq_snorg

Skill      XL: |  1  2  3  4  5  6  7  8  9 10 11 |
---------------+----------------------------------+-----
Dodging        | 2 3 4 |  4.8
Stealth        | 2 3 |  3.0
Conjurations   | 5 6 7 8 9 10 11 | 11.0
Spellcasting   | 3 4 5 6 7 8 9 |  9.4
Fire Magic     | 1 3 4 5 6 |  6.9
Earth Magic    | 2 4 5 7 8 |  8.2
Fighting       | 1 2 3 |  3.3
Staves         | 1 2 4 |  4.0

Action                   |  1- 3 |  4- 6 |  7- 9 | 10-12 || total
-------------------------+-------+-------+-------+-------++-------
Melee: Club              |    18 |       |       |       ||    18
       Tailslap          |     3 |       |       |     3 ||     6
       Quarterstaff      |       |     2 |    20 |    34 ||    56
 Cast: Magic Dart        |    51 |    88 |   158 |    84 ||   381
       Searing Ray       |     2 |    20 |    56 |    67 ||   145
       Dazzling Flash    |       |     1 |       |       ||     1
       Bolt of Magma     |       |       |     1 |     9 ||    10
  Use: Scroll            |     2 |    13 |     6 |     3 ||    24
       Potion            |       |       |       |     2 ||     2
  Eat: Chunk             |     4 |     8 |    12 |    15 ||    39
Armor: Skin              |     2 |     7 |    45 |    82 ||   136
Dodge: Dodged            |     7 |    20 |    53 |   129 ||   209
